 Dungeon Crawl Stone Soup version 0.24-a0-243-g8f5f5cd (webtiles) character file.

Game seed: 615053691899929554

1101 robertstho the Covered (level 8, -5/49 HPs)
             Began as a Gargoyle Monk on Apr 9, 2019.
             Killed from afar by a kobold (16 damage)
             ... with a wand of acid (9)
             ... while paralysed
             ... on level 4 of the Dungeon.
             The game lasted 00:08:23 (4463 turns).

robertstho the Covered (Gargoyle Monk)              Turns: 4463, Time: 00:08:23

Health: -5/49      AC: 16    Str: 17    XL:     8   Next: 32%
Magic:  8/8        EV:  2    Int: 10    God:
Gold:   249        SH:  0    Dex: 13    Spells: 7/7 levels left

rFire    + . .     SeeInvis .   o - +0 whip (venom)
rCold    . . .     Gourm    .   (no shield)
rNeg     + . .     Faith    .   l - +1 chain mail
rPois    ∞         Spirit   .   (no helmet)
rElec    +         Reflect  .   (no cloak)
rCorr    .         Harm     .   (no gloves)
MR       .....                  (no boots)
Stlth    ..........             q - amulet of rage
HPRegen  0.16/turn              i - ring of protection from fire
MPRegen  0.11/turn              (no ring)

@: paralysed, berserk cooldown, slowed
A: negative energy resistance 1, electricity resistance, unbreathing,
petrification resistance, rot immunity, AC +5
a: Evoke Berserk Rage


You were on level 4 of the Dungeon.
You were very hungry.

You visited 1 branch of the dungeon, and saw 4 of its levels.
You also visited: Sewer.

You collected 249 gold pieces.

Inventory:

Hand Weapons
 a - a +0 mace
 o - a +0 whip of venom (weapon)
Missiles
 h - 36 sling bullets
 n - 5 poisoned javelins (quivered)
Armour
 b - a +0 robe
 l - a +1 chain mail (worn)
Jewellery
 i - a ring of protection from fire (left hand)
 q - an amulet of rage (around neck)
Wands
 f - a wand of flame (13)
Scrolls
 d - 7 scrolls of teleportation
 e - a scroll of fear {unknown}
 g - 2 scrolls of enchant armour
 k - a scroll of fog {unknown}
 s - a scroll of immolation {unknown}
 t - a scroll of blinking {unknown}
 u - a scroll of remove curse {unknown}
Potions
 j - a potion of mutation {unknown}
 m - a potion of heal wounds
 p - 2 potions of curing
 r - a potion of agility
Comestibles
 c - 9 rations


   Skills:
 + Level 5.0 Fighting
 + Level 5.9 Maces & Flails
 * Level 6.1 Armour
 * Level 4.1 Dodging
 - Level 2.4 Stealth
 + Level 1.1 Evocations


You had 7 spell levels left.
You didn't know any spells.
Your spell library contained the following spells:

 Spells                   Type           Power        Failure   Level  Hunger
 Confusing Touch          Hex            #.....       99%         1    ##.....
 Magic Dart               Conj           #...         99%         1    ##.....
 Searing Ray              Conj           #.....       100%        2    ###....
 Confuse                  Hex            #.......     100%        3    ####...
 Dazzling Spray           Conj/Hex       #.....       100%        3    ####...
 Gell's Gravitas          Tloc           #.........   100%        3    ####...
 Force Lance              Conj/Tloc      #.......     100%        4    #####..
 Fulminant Prism          Conj/Hex       #.........   100%        4    #####..
 Iskenderun's Mystic Bla  Conj           #.......     100%        4    #####..
 Petrify                  Tmut/Erth      #.......     100%        4    #####..
 Metabolic Englaciation   Hex/Ice        #.........   100%        5    ######.
 Yara's Violent Unravell  Hex/Tmut       #.........   100%        5    ######.


Dungeon Overview and Level Annotations

Branches:
Dungeon (4/15)
 Temple: D:4-7

Altars:
Uskayaw
Wu Jian


Innate Abilities, Weirdness & Mutations

You are resistant to torment.
Your stone body is resilient. (AC +5)
You are immune to poison.
You resist negative energy. (rN+)
You are resistant to electric shocks. (rElec)
You can survive without breathing.
You are immune to petrification.
You are immune to rotting.


Message History

You destroy ezpacito's ghost!
Your Fighting skill increases to level 5!
Your Armour skill increases to level 6!
Your Dodging skill increases to level 4!
Your Evocations skill increases to level 1!
The kobold hits you but does no damage.
The big kobold hits you with a +1 dagger of distortion.
Space warps horribly around you!!
* * * LOW HITPOINT WARNING * * *
Things that are here:
a +2 whip of venom; 3 scrolls of amnesia; a big kobold corpse You closely miss the big kobold.
The kobold closely misses you.
You barely miss the big kobold.
The big kobold hits you but does no damage.
You blink.
You feel a strong urge to attack something.
You are no longer berserk.
You pass out from exhaustion.
You feel yourself slow down.
The kobold zaps a wand.
The bolt of acid hits you!
You die...

#.# #..≈≈≈≈≈.........# #.# #.#
#(..≈≈≈...###.#### #.#
###.######.........# #.# #.#
.....).............# #.########.#
##..[).........#.#####.†........#
##..###.....#..#........#########
....###.###.#..#.#####.########
............#..#..............#
.#.####........#@#..#########.#
.#.# #.###.#.##.#.##.♣.## #.#
.#.# #............#.....# #.#
.#.## #.......#..#K'.###.$# #.#
..#.###.####.......'.....)# #.#
.###.##.#####.#.K.KK.###..# #.#
## ##.....# #.##.#K#.....# #.###
.###......###.##.#(##.♣.### #....
..#...........##.#..#####.# #####


You could see 3 kobolds.

Vanquished Creatures
  The ghost of ezpacito the Skirmisher, an amateur DsFi (D:4)
  A phantom (D:4)
  2 ogres (D:4)
  An ice beast (D:3)
  2 big kobolds (D:4)
  A bullfrog (Sewer)
  2 orc wizards (D:4)
  An orc priest (D:3)
  A worker ant (D:4)
  A howler monkey zombie (D:4)
  8 adders
  8 oozes
  3 worms (D:2)
  A dart slug (D:2)
  9 leopard geckos (Sewer)
  4 orcs
  9 giant cockroaches
  5 goblins
  8 hobgoblins
  A quokka (D:4)
  16 ball pythons
  5 bats
  15 frilled lizards
  A jackal skeleton (D:4)
  14 kobolds
  12 rats
132 creatures vanquished.

Vanquished Creatures (others)
  4 plants (D:4)
4 creatures vanquished.

Grand Total: 136 creatures vanquished

Notes
Turn   | Place    | Note
-------+----------+-------------------------------------------
     0 | D:1      | robertstho the Gargoyle Monk began the quest for the Orb.
     0 | D:1      | Reached XP level 1. HP: 14/14 MP: 1/1
   212 | D:1      | Reached XP level 2. HP: 19/19 MP: 2/2
   874 | D:2      | Reached XP level 3. HP: 9/24 MP: 3/3
   881 | D:2      | HP: 1/24 [worm (4)]
  1338 | D:2      | Reached XP level 4. HP: 29/29 MP: 4/4
  1516 | D:2      | Reached skill level 1 in Armour
  1817 | D:3      | Noticed an ice beast
  1860 | D:3      | Killed an ice beast
  1860 | D:3      | Reached skill level 2 in Armour
  1860 | D:3      | Reached XP level 5. HP: 14/33 MP: 5/5
  2098 | D:3      | Found an ornate altar of the Wu Jian Council.
  2660 | D:4      | Reached XP level 6. HP: 37/38 MP: 6/6
  2664 | D:4      | Reached skill level 3 in Armour
  2692 | D:4      | Found a glowing drain.
  2701 | Sewer    | Entered a sewer
  2967 | Sewer    | Reached skill level 5 in Maces & Flails
  3116 | Sewer    | Reached XP level 7. HP: 17/44 MP: 7/7
  3385 | D:4      | Found a runed translucent gate.
  3385 | D:4      | Found a runed translucent gate.
  3385 | D:4      | Found a runed translucent gate.
  3387 | D:4      | Noticed ezpacito's ghost (amateur DsFi)
  3441 | D:4      | Reached skill level 4 in Armour
  3777 | D:4      | Noticed a +0 hand axe
  3778 | D:4      | Found a hide-covered altar of Uskayaw.
  3778 | D:4      | Noticed a +0 hand axe
  3993 | D:4      | Reached skill level 5 in Armour
  4234 | D:4      | Reached XP level 8. HP: 48/48 MP: 8/8
  4458 | D:4      | Killed ezpacito's ghost
  4458 | D:4      | Reached skill level 5 in Fighting
  4458 | D:4      | Reached skill level 6 in Armour
  4458 | D:4      | Reached skill level 1 in Evocations
  4463 | D:4      | Killed from afar by a kobold

Levels and vault maps discovered:
D:1:      psy_arrival_fountain, layout_rooms, minmay_split_cup_large
D:2:      layout_basic
D:3:      layout_basic, nicolae_overflow_hidden_temple, first_ration
D:4:      layout_loops_ring, dancing_weapons_uskayaw, portal_sewer_entry_a,
          gammafunk_ghost_nasty_kobolds, minmay_misc_feat_secret_circle,
          fountainhead, lexackson_kobold_supper
Sewer:    sewer_frog_island_02

Skill      XL: |  1  2  3  4  5  6  7  8 |
---------------+-------------------------+-----
Armour         | 2 3 5 6 |  6.1
Fighting       | 4 5 |  5.0
Maces & Flails | 4 5 |  5.9
Dodging        | 3 4 |  4.1
Evocations     | 1 |  1.1
Stealth        | |  2.4

Action                   |  1- 3 |  4- 6 |  7- 9 || total
-------------------------+-------+-------+-------++-------
Melee: Mace              |   130 |       |       ||   130
       Whip              |     3 |   312 |   141 ||   456
 Abil: Evoke Berserk Rag |       |       |     1 ||     1
Evoke: Wand              |       |       |    12 ||    12
  Use: Potion            |       |     1 |       ||     1
       Scroll            |       |       |     6 ||     6
 Stab: Sleeping          |     3 |       |       ||     3
  Eat: Chunk             |     2 |     6 |     4 ||    12
Armor: Robe              |    30 |       |       ||    30
       Chain mail        |    32 |   235 |    66 ||   333
Dodge: Dodged            |    93 |   132 |    40 ||   265

Table legend:
 A = Non-vault XP
 B = Vault XP
 C = Vault XP percentage of total XP
 D = Non-vault monster count
 E = Vault monster count
 F = Vault count percentage of total count
                 A         B        C        D         E       F
            +---------+---------+-------+---------+---------+-------
      Total |     848 |     725 |  46.1 |      68 |      64 |  48.5
            +---------+---------+-------+---------+---------+-------
        D:1 |      24 |       6 |  20.0 |      18 |       4 |  18.2
        D:2 |      74 |       0 |   0.0 |      21 |       0 |   0.0
        D:3 |     197 |       0 |   0.0 |      14 |       0 |   0.0
        D:4 |     553 |     481 |  46.5 |      15 |      11 |  42.3
      Sewer |       0 |     238 | 100.0 |       0 |      49 | 100.0
            +---------+---------+-------+---------+---------+-------
